 Dungeon Crawl Stone Soup version 0.21-a0-507-ga8f6b7a (webtiles) character file.

1848 kae the Grappler (level 8, -3/80 HPs)
             Began as a Troll Monk on Nov 27, 2017.
             Was a Believer of Wu Jian.
             Slain by Joseph
             ... wielding a +0 quarterstaff
              (11 damage)
             ... on level 7 of the Dungeon.
             The game lasted 00:05:12 (4473 turns).

kae the Grappler (Troll Monk)                       Turns: 4473, Time: 00:05:13

Health: -3/80      AC:  5    Str: 20    XL:     8   Next: 88%
Magic:  7/7        EV: 12    Int:  6    God:    Wu Jian [**....]
Gold:   303        SH:  0    Dex: 14    Spells: 7/7 levels left

rFire    . . .     SeeInvis .     - Unarmed
rCold    . . .     Gourm    +   (no shield)
rNeg     . . .     Faith    .   a - +0 robe
rPois    .         Spirit   .   (helmet restricted)
rElec    .         Reflect  .   (no cloak)
rCorr    .         Harm     .   (gloves unavailable)
MR       .....                  (boots unavailable)
Stlth    ++........             (no amulet)
HPRegen  0.63/turn              (no ring)
MPRegen  0.10/turn              (no ring)

@: no status effects
A: large, unfitting armour, claws 3, fast metabolism 3, gourmand, regeneration
1, shaggy fur 1, tough skin 2
a: Renounce Religion


You were on level 7 of the Dungeon.
You worshipped Wu Jian.
Wu Jian was pleased with you.
You were completely stuffed.

You visited 2 branches of the dungeon, and saw 8 of its levels.

You collected 303 gold pieces.

Inventory:

Armour
 a - a +0 robe (worn)
Wands
 v - a wand of iceblast (6)
 y - a wand of random effects (20)
Scrolls
 f - 4 scrolls of amnesia
 n - a scroll of identify
 o - a scroll of enchant weapon
 r - 2 scrolls of remove curse
 t - 2 scrolls of teleportation
 u - 2 scrolls of fog
Potions
 c - 2 potions of berserk rage
 d - 2 potions of heal wounds
 e - 2 potions of lignification
 h - a potion of brilliance {unknown}
 i - 3 potions of curing
 j - 2 potions of haste
 l - a potion of ambrosia
 m - 2 potions of mutation
 p - 2 potions of cancellation
 q - 2 potions of might
 s - 2 potions of agility
Books
 g - a book of Conjurations

   Spells                             Type                      Level
   a - Magic Dart                     Conjuration                  1
   b - Searing Ray                    Conjuration                  2
   c - Dazzling Spray                 Conjuration/Hexes            3
   d - Fulminant Prism                Conjuration/Hexes            4
   e - Force Lance                    Conjuration/Translocation    4
   f - Iskenderun's Mystic Blast      Conjuration                  4
Comestibles
 b - 9 bread rations
 k - a fruit
 w - 2 royal jellies
 x - 3 chunks of flesh


   Skills:
 + Level 5.3 Fighting
 + Level 5.3 Dodging
 - Level 1.0 Stealth
 * Level 8.7 Unarmed Combat


You had 7 spell levels left.
You didn't know any spells.

Dungeon Overview and Level Annotations

Branches:
Dungeon (7/15)             Temple (1/1) D:5

Altars:
Ashenzari
Cheibriados
Dithmenos
Elyvilon
Fedhas
Gozag
Hepliaklqana
Kikubaaqudgha
Makhleb
Nemelex Xobeh
Okawaru
Qazlal
Ru
Sif Muna
Trog
Uskayaw
Vehumet
Wu Jian
Xom
Yredelemnul
Zin
The Shining One

Shops:
D:6 [*

Annotations:
D:7 Joseph


Innate Abilities, Weirdness & Mutations

You are too large for most types of armour.
You have claws for hands.
Your metabolism is lightning-fast.
You like to eat raw meat.
Your natural rate of healing is unusually fast.
You are covered in fur. (AC +1)
You have very tough skin. (AC +2)


Message History

Joseph unwields an uncursed hunting sling.
Joseph wields an uncursed quarterstaff.
Joseph hits you with an uncursed quarterstaff!
You repeatedly attack Joseph from above.
You scratch Joseph.
Joseph is severely wounded.
You scratch Joseph but do no damage.
Joseph is severely wounded.
Joseph tries to grin evilly.
Joseph hits you with an uncursed quarterstaff!!
Joseph hits you with an uncursed quarterstaff!
* * * LOW HITPOINT WARNING * * *
You closely miss Joseph.
Joseph is severely wounded.
Joseph hits you with an uncursed quarterstaff.
* * * LOW HITPOINT WARNING * * *
You spin and attack Joseph.
You claw Joseph!
Joseph is almost dead.
Joseph hits you with an uncursed quarterstaff!
You die...

####....###..# ....#....
##........##..# .........
...........#..# .........
.............(###........
...............##......# #.
..............(##.....# #..
................#.....##...
...........####.@.....#...#
#.......#### ##@ยงยง......#
##..##### ##(......# ####
##(....## ##....# ##.......
....... ....... .......
.......


You could see Joseph (pinned).

Vanquished Creatures
  Menkaure (D:7)
  Edmund (D:5)
  2 sky beasts
  4 centaurs
  2 bullfrogs (D:7)
  A scorpion (D:4)
  4 howler monkeys
  The ghost of p0werm0de the Vexing, a weakling OpAM (D:3)
  A crimson imp (D:5)
  3 bullfrog zombies (D:5)
  5 orc priests
  A jelly (D:7)
  8 worker ants
  A hound skeleton (D:6)
  A worker ant zombie (D:7)
  5 gnolls
  6 adders
  3 oozes (D:1)
  4 worms (D:2)
  A dart slug (D:1)
  17 orcs
  5 bats
  5 giant cockroaches
  5 goblins
  8 hobgoblins
  13 jackals
  3 kobolds
  3 quokkas
  2 ball pythons
  5 frilled lizards
  A jackal skeleton (D:2)
  A quokka skeleton (D:7)
  A quokka zombie (D:5)
  6 rats
130 creatures vanquished.

Notes
Turn   | Place    | Note
-------+----------+-------------------------------------------
     0 | D:1      | kae the Troll Monk began the quest for the Orb.
     0 | D:1      | Reached XP level 1. HP: 22/22 MP: 0/0
    83 | D:1      | Reached XP level 2. HP: 21/29 MP: 1/1
   240 | D:1      | Reached XP level 3. HP: 36/36 MP: 2/2
   620 | D:2      | Reached skill level 4 in Unarmed Combat
   666 | D:2      | Reached XP level 4. HP: 25/44 MP: 3/3
   733 | D:2      | Found a basalt altar of Yredelemnul.
   735 | D:2      | Found a deep blue altar of Sif Muna.
   736 | D:2      | Found a shattered altar of Ashenzari.
  1091 | D:3      | Noticed p0werm0de's ghost (weakling OpAM)
  1099 | D:3      | Killed p0werm0de's ghost
  1099 | D:3      | Reached XP level 5. HP: 50/53 MP: 4/4
  1930 | D:4      | Reached skill level 5 in Unarmed Combat
  2009 | D:4      | Found a shadowy altar of Dithmenos.
  2091 | D:4      | Reached XP level 6. HP: 45/61 MP: 5/5
  2488 | D:5      | Entered Level 5 of the Dungeon
  2532 | D:5      | Found a staircase to the Ecumenical Temple.
  2532 | D:5      | Noticed a sky beast
  2541 | D:5      | Killed a sky beast
  2541 | D:5      | Reached skill level 6 in Unarmed Combat
  2541 | D:5      | Reached XP level 7. HP: 49/68 MP: 6/6
  2596 | Temple   | Entered the Ecumenical Temple
  3013 | Temple   | Became a worshipper of the Wu Jian Council
  3013 | Temple   | Reached * piety under Wu Jian
  3013 | Temple   | Reached ** piety under Wu Jian
  3185 | D:5      | Noticed Edmund
  3195 | D:5      | Killed Edmund
  3195 | D:5      | Reached skill level 7 in Unarmed Combat
  3225 | D:5      | Reached XP level 8. HP: 57/79 MP: 7/7
  3519 | D:6      | Found Gozag's Platinum Reserve.
  3522 | D:6      | Found Lijuypsu's Antique Armour Boutique.
  3523 | D:6      | Found an opulent altar of Gozag.
  4176 | D:7      | Reached skill level 5 in Fighting
  4176 | D:7      | Reached skill level 5 in Dodging
  4176 | D:7      | Reached skill level 8 in Unarmed Combat
  4327 | D:7      | Noticed Menkaure
  4333 | D:7      | Killed Menkaure
  4452 | D:7      | Noticed Joseph
  4473 | D:7      | Slain by Joseph

Vault maps used:
D:1:      onia_arrival_handbag, hex_tiny
D:2:      minitemple
D:4:      first_bread, grunt_dithmenos_smoke
D:5:      minmay_temple_entry_purple_smoke, uniq_edmund
D:6:      nicolae_gozag_zags_fifth_avenue, serial_shops, shop
D:7:      uniq_menkaure, uniq_joseph
Temple:   hc_temple_tempest_star

Skill      XL: |  1  2  3  4  5  6  7  8 |
---------------+-------------------------+-----
Unarmed Combat | 4 5 6 7 8 |  8.7
Dodging        | 3 4 5 |  5.3
Fighting       | 3 4 5 |  5.3
Stealth        | |  1.0

Action                   |  1- 3 |  4- 6 |  7- 9 || total
-------------------------+-------+-------+-------++-------
Melee: Unarmed           |    83 |   117 |   178 ||   378
       Punch             |       |     5 |     5 ||    10
  Use: Scroll            |       |    19 |     1 ||    20
 Stab: Sleeping          |     6 |     4 |     2 ||    12
       Distracted        |       |       |     1 ||     1
  Eat: Chunk             |     3 |    21 |    23 ||    47
Armor: Robe              |    21 |    32 |    22 ||    75
Dodge: Dodged            |    44 |    74 |    66 ||   184

Table legend:
 A = Spawn XP
 B = Non-spawn XP
 C = Spawn XP percentage of total XP
 D = Spawn monster count
 E = Non-spawn monster count
 F = Spawn count percentage of total count
 G = Total turns spent on level
                    A         B        C        D         E        F      G
               +---------+---------+-------+---------+---------+-------+---------
         Total |       0 |    2641 |   0.0 |       0 |     130 |   0.0 |  4473
               +---------+---------+-------+---------+---------+-------+---------
           D:1 |       0 |      66 |   0.0 |       0 |      22 |   0.0 |   488
           D:2 |       0 |      84 |   0.0 |       0 |      20 |   0.0 |   601
           D:3 |       0 |     120 |   0.0 |       0 |      14 |   0.0 |   805
           D:4 |       0 |     237 |   0.0 |       0 |      11 |   0.0 |   594
           D:5 |       0 |    1068 |   0.0 |       0 |      34 |   0.0 |   530
           D:6 |       0 |     376 |   0.0 |       0 |      14 |   0.0 |   708
           D:7 |       0 |     690 |   0.0 |       0 |      15 |   0.0 |   308
               +---------+---------+-------+---------+---------+-------+---------
